 Dungeon Crawl Stone Soup version 0.20.0-10-g0535bb4 (webtiles) character file.

225 vatarom the Caller (level 5, -18/42 HPs)
             Began as a Deep Elf Summoner on June 5, 2017.
             Was an Initiate of Sif Muna.
             Demolished by jeanjacques's ghost (19 damage)
             ... on level 5 of the Dungeon.
             The game lasted 00:13:03 (3798 turns).

vatarom the Caller (Deep Elf Summoner)              Turns: 3798, Time: 00:13:03

Health: -18/42     AC: 22    Str:  5    XL:     5   Next: 68%
Magic:  2/14       EV:  2    Int: 21    God:    Sif Muna [......]
Gold:   240        SH:  0    Dex: 20    Spells: 1/14 levels left

rFire    . . .     SeeInvis .   d - +4 whip
rCold    . . .     Gourm    .   (no shield)
rNeg     + + +     Faith    .   (armour currently unavailable)
rPois    +         Spirit   .   (helmet currently unavailable)
rElec    .         Reflect  .   (cloak currently unavailable)
rCorr    .         Harm     .   (gloves currently unavailable)
MR       .....     NoTele   +   (boots currently unavailable)
Stlth    +++.......             (no amulet)
Regen    0.2/turn               (no ring)
MPRegen  0.2/turn               (no ring)

@: agile, tree-form
A: blurry vision 1, MP-powered wands
a: Renounce Religion


You were on level 5 of the Dungeon.
You worshipped Sif Muna.
Sif Muna was noncommittal.
You were not hungry.
You were a tree.
You visited 1 branch of the dungeon, and saw 5 of its levels.

You collected 240 gold pieces.

Inventory:

Hand Weapons
 d - a +4 whip (weapon)
 e - a +0 dagger
Armour
 a - a +1 robe (melded)
Wands
 g - a wand of random effects (10/48)
 q - a wand of flame (16/48)
Scrolls
 i - a scroll of teleportation
 k - 3 scrolls of remove curse
 l - a scroll of magic mapping
 m - 4 scrolls of identify
Books
 b - a book of Callings

   Spells                             Type                      Level
   a - Summon Small Mammal            Summoning                    1
   b - Call Imp                       Summoning                    2
   c - Call Canine Familiar           Summoning                    3
   d - Summon Guardian Golem          Hexes/Summoning              3
   e - Summon Lightning Spire         Summoning/Air                4
   f - Summon Ice Beast               Ice/Summoning                4
Comestibles
 c - 2 bread rations
 f - 2 fruits
 o - a royal jelly
 p - a meat ration


   Skills:
 - Level 2.4 Dodging
 - Level 2.4 Stealth
 + Level 5.3 Spellcasting
 * Level 6.7 Summonings


You had one spell level left.
You knew the following spells:

 Your Spells              Type           Power        Failure   Level  Hunger
a - Summon Small Mammal   Summ           ####         1%          1    None
b - Call Imp              Summ           ####....     1%          2    None
c - Call Canine Familiar  Summ           ####....     1%          3    ##.....
d - Summon Guardian Gole  Hex/Summ       ###.....     8%          3    ##.....
e - Summon Ice Beast      Ice/Summ       ###.....     26%         4    ####...


Dungeon Overview and Level Annotations

Branches:
Dungeon (5/15)
 Temple: D:4-7

Altars:
Fedhas
Sif Muna
Vehumet
Zin
The Shining One

Annotations:
D:5 jeanjacques's ghost, amateur DsIE


Innate Abilities, Weirdness & Mutations

((You are partially covered in molten scales. (AC +2)))
Scrolls take you a little longer to read.
You expend magic power (3 MP) to strengthen your wands.


Message History

The quasit claws you but does no damage. x2
Your iron imp barely misses the quasit.
The quasit bites you but does no damage.
The quasit claws you but does no damage. x2
Your iron imp hits the quasit.
The quasit dies!
Sif Muna accepts your kill.
Your iron imp hits jeanjacques's ghost but does no damage.
Jeanjacques's ghost gestures at you while chanting.
You are frozen.
* * * LOW HITPOINT WARNING * * *
Press: ? - help, v - describe, . - travel A stone staircase leading up.
Jeanjacques's ghost hits you but does no damage.
Your iron imp closely misses jeanjacques's ghost.
You miss jeanjacques's ghost.
Jeanjacques's ghost whispers, "Death doesn't hurt.
What you feel is life."
Jeanjacques's ghost hits you but does no damage.
You are electrocuted!
You die...

#######
#.F...#
#.###8#
#.#.#.#
#.#..5###
#.#...W♣#
#.#######
#.% ###


You could see jeanjacques's ghost and a friendly iron imp.

Vanquished Creatures
  A bullfrog (D:5)
  3 giant cockroaches (D:1)
  A bat (D:1)
  3 rats
8 creatures vanquished.

Vanquished Creatures (collateral kills)
  Edmund (D:4)
  A quasit (D:5)
  5 gnolls
  2 adders (D:2)
  An ooze (D:1)
  2 worms
  A dart slug (D:1)
  5 leopard geckos
  An orc (D:3)
  A ball python (D:3)
  2 giant cockroaches
  2 hobgoblins
  2 quokkas
  4 bats
  3 frilled lizards
  9 goblins
  A jackal skeleton (D:3)
  A jackal zombie (D:4)
  6 kobolds
  7 rats
57 creatures vanquished.

Grand Total: 65 creatures vanquished

Notes
Turn   | Place    | Note
-------+----------+-------------------------------------------
     0 | D:1      | vatarom the Deep Elf Summoner began the quest for the Orb.
     0 | D:1      | Reached XP level 1. HP: 10/10 MP: 6/6
   213 | D:1      | Reached XP level 2. HP: 15/15 MP: 4/8
   302 | D:1      | Learned a level 2 spell: Call Imp
   700 | D:1      | Gained mutation: Scrolls take you a little longer to read. [potion of mutation]
   700 | D:1      | Gained mutation: You expend magic power (3 MP) to strengthen your wands. [potion of mutation]
   700 | D:1      | Gained mutation: You are partially covered in molten scales. (AC +2) [potion of mutation]
   996 | D:1      | Reached skill level 5 in Summonings
  1142 | D:1      | Reached XP level 3. HP: 19/19 MP: 10/10
  1521 | D:2      | Learned a level 3 spell: Call Canine Familiar
  1625 | D:2      | Found a glowing silver altar of Zin.
  1626 | D:2      | Found a radiant altar of Vehumet.
  2120 | D:3      | Found a blossoming altar of Fedhas.
  2236 | D:3      | Reached XP level 4. HP: 24/24 MP: 10/12
  2241 | D:3      | Learned a level 3 spell: Summon Guardian Golem
  2644 | D:3      | Found a deep blue altar of Sif Muna.
  3022 | D:3      | Became a worshipper of Sif Muna the Loreminder
  3215 | D:4      | Noticed Edmund
  3285 | D:4      | Killed Edmund
  3285 | D:4      | Reached skill level 6 in Summonings
  3285 | D:4      | Reached XP level 5. HP: 28/28 MP: 5/14
  3354 | D:4      | Learned a level 4 spell: Summon Ice Beast
  3625 | D:4      | Found a glowing golden altar of the Shining One.
  3707 | D:5      | Entered Level 5 of the Dungeon
  3744 | D:5      | Noticed jeanjacques's ghost (amateur DsIE)
  3786 | D:5      | Reached skill level 5 in Spellcasting
  3796 | D:5      | HP: 1/42 [jeanjacques's ghost/Freeze (8)]
  3798 | D:5      | Demolished by jeanjacques's ghost

Skill      XL: |  1  2  3  4  5 |
---------------+----------------+-----
Summonings     | 5 6 |  6.7
Spellcasting   | 4 5 |  5.3
Dodging        | |  2.4
Stealth        | |  2.4

Action                   |  1- 3 |  4- 6 || total
-------------------------+-------+-------++-------
Melee: Dagger            |    10 |       ||    10
       Whip              |    16 |    19 ||    35
 Cast: Summon Small Mamm |    24 |     1 ||    25
       Call Imp          |    35 |    13 ||    48
       Call Canine Famil |     5 |    10 ||    15
       Summon Guardian G |       |     7 ||     7
       Summon Ice Beast  |       |     1 ||     1
  Use: Scroll            |     5 |     1 ||     6
       Potion            |     6 |     5 ||    11
  Eat: Chunk             |     5 |     2 ||     7
       Bread ration      |       |     1 ||     1
Armor: Robe              |    12 |       ||    12
       Skin              |       |    51 ||    51
Dodge: Dodged            |    27 |     7 ||    34
